| TOP OF THE 1ST |
|
Johnson City Soilders batting - Pitching for Bristol Bees : RHP Jay North
|
|
Pitching: RHP Jay North
|
|
|
Batting: RHB Juan Pacho
|
0-0: Fly out, F8 (Flyball, 8LM, EV 83.1 MPH)
|
|
Batting: LHB Steve Swinney
|
0-0: Foul Ball, location: 2F 0-1: Ball 1-1: Ball 2-1: Bunt for hit to 23 - play at first, batter safe!
|
|
Batting: RHB Thomas Mohr
|
0-0: Ball 1-0: Ball 2-0: Ball 3-0: Base on Balls Steve Swinney to second
|
|
Batting: LHB Stephen DeMatties
|
0-0: Called Strike 0-1: Ball 1-1: Foul Ball, location: 2F 1-2: Foul Ball, location: 2F 1-2: Ball 2-2: Foul Ball, location: 2F 2-2: Ball 3-2: Foul Ball, location: 2F 3-2: Base on Balls Steve Swinney to third Thomas Mohr to second
|
|
Batting: RHB David Sullivan
|
0-0: Ball 1-0: Swinging Strike 1-1: Ball 2-1: Ball 3-1: Foul Ball, location: 2F 3-2: Base on Balls Steve Swinney scores Thomas Mohr to third Stephen DeMatties to second
|
|
Batting: RHB Kirk Richmond
|
0-0: Ball 1-0: Called Strike 1-1: Called Strike 1-2: Ball 2-2: Ball 3-2: Base on Balls Thomas Mohr scores Stephen DeMatties to third David Sullivan to second
|
|
Batting: RHB Gary Holden
|
0-0: Fly out, F4 (Popup, 4D, EV 70.6 MPH)
|
|
Batting: RHB Mitchell Olson
|
0-0: Called Strike 0-1: Swinging Strike 0-2: Ball 1-2: Ball 2-2: SINGLE (Groundball, 56S, EV 72.5 MPH) (infield hit) Stephen DeMatties scores David Sullivan to third Kirk Richmond to second
|
|
Batting: RHB Tim Brown
|
0-0: Ball 1-0: Swinging Strike 1-1: Ball 2-1: Ball 3-1: Swinging Strike 3-2: Base on Balls David Sullivan scores Kirk Richmond to third Mitchell Olson to second
|
|
Batting: RHB Juan Pacho
|
0-0: Called Strike 0-1: Ball 1-1: Swinging Strike 1-2: Fly out, F9 (Flyball, 9S, EV 71.9 MPH)
|
| Top of the 1st over - 4 runs, 2 hits, 0 errors, 3 left on base; Johnson City 4 - Bristol 0 |
| BOTTOM OF THE 1ST |
|
Bristol Bees batting - Pitching for Johnson City Soilders : RHP David LaBounty
|
|
Pitching: RHP David LaBounty
|
|
|
Batting: SHB Raul Gonzalez
|
0-0: Ball 1-0: Swinging Strike 1-1: Foul Ball, location: 2F 1-2: Strikes out swinging
|
|
Batting: SHB Rafael Villaman
|
0-0: Fly out, F7 (Flyball, 78M, EV 93.1 MPH)
|
|
Batting: LHB Joe Orsulak
|
0-0: Ground out 4-3 (Groundball, 4, EV 100.0 MPH)
|
| Bottom of the 1st over - 0 runs, 0 hits, 0 errors, 0 left on base; Johnson City 4 - Bristol 0 |
| TOP OF THE 2ND |
|
Johnson City Soilders batting - Pitching for Bristol Bees : RHP Jay North
|
|
Batting: LHB Steve Swinney
|
0-0: Ball 1-0: Ball 2-0: Ball 3-0: Called Strike 3-1: Base on Balls
|
|
Batting: RHB Thomas Mohr
|
0-0: Called Strike 0-1: Ball 1-1: Ball 2-1: Called Strike 2-2: Ball 3-2: Base on Balls Steve Swinney to second
|
|
Batting: LHB Stephen DeMatties
|
0-0: Ball 1-0: Called Strike 1-1: Foul Ball, location: 2F 1-2: Foul Ball, location: 2F 1-2: Ball 2-2: Ball 3-2: Base on Balls Steve Swinney to third Thomas Mohr to second
|
|
Batting: RHB David Sullivan
|
0-0: Called Strike 0-1: Ball 1-1: Ball 2-1: Ball 3-1: Base on Balls Steve Swinney scores Thomas Mohr to third Stephen DeMatties to second
|
|
Pitching: RHP Dick Lloyd
|
|
|
Batting: RHB Kirk Richmond
|
0-0: Ball 1-0: Swinging Strike 1-1: Ball 2-1: Ball 3-1: Base on Balls Thomas Mohr scores Stephen DeMatties to third David Sullivan to second
|
|
Batting: RHB Gary Holden
|
0-0: Foul Ball, location: 2F 0-1: Called Strike 0-2: Foul Ball, location: 2F 0-2: Strikes out swinging
|
|
Batting: RHB Mitchell Olson
|
0-0: Fly out, F5 (Line Drive, 5, EV 66.9 MPH)
|
|
Batting: RHB Tim Brown
|
0-0: Ground out 4-3 (Groundball, 34, EV 86.3 MPH)
|
| Top of the 2nd over - 2 runs, 0 hits, 0 errors, 3 left on base; Johnson City 6 - Bristol 0 |
| BOTTOM OF THE 2ND |
|
Bristol Bees batting - Pitching for Johnson City Soilders : RHP David LaBounty
|
|
Batting: RHB Phillip Strom
|
0-0: Called Strike 0-1: TRIPLE (Line Drive, 89XD, EV 106.9 MPH)
|
|
Batting: RHB Glenn Carpenter
|
0-0: Ball 1-0: Ball 2-0: Ball 3-0: Called Strike 3-1: Base on Balls
|
|
Batting: RHB Rondal Rollin
|
0-0: Ball 1-0: Ground out 5-3 (Groundball, 56S, EV 65.6 MPH) Phillip Strom scores Glenn Carpenter to second
|
|
Batting: LHB Brian Williams
|
0-0: Foul Ball, location: 2F 0-1: Ball 1-1: Ball 2-1: Ground out U3 (Groundball, 34, EV 91.3 MPH) Glenn Carpenter to third
|
|
Batting: RHB Steve Polan
|
0-0: Fly out, F7 (Flyball, 7LSF, EV 70.6 MPH)
|
| Bottom of the 2nd over - 1 run, 1 hit, 0 errors, 1 left on base; Johnson City 6 - Bristol 1 |
| TOP OF THE 3RD |
|
Johnson City Soilders batting - Pitching for Bristol Bees : RHP Dick Lloyd
|
|
Batting: RHB Juan Pacho
|
0-0: Ball 1-0: Ball 2-0: Ball 3-0: Called Strike 3-1: Ground out 4-3 (Groundball, 4, EV 109.4 MPH)
|
|
Batting: LHB Steve Swinney
|
0-0: Swinging Strike 0-1: Foul Ball, location: 2F 0-2: Ball 1-2: Strikes out swinging
|
|
Batting: RHB Thomas Mohr
|
0-0: Ball 1-0: Ball 2-0: Foul Ball, location: 2F 2-1: Swinging Strike 2-2: Strikes out swinging
|
| Top of the 3rd over - 0 runs, 0 hits, 0 errors, 0 left on base; Johnson City 6 - Bristol 1 |
| BOTTOM OF THE 3RD |
|
Bristol Bees batting - Pitching for Johnson City Soilders : RHP David LaBounty
|
|
Batting: RHB Juan Burgos
|
0-0: Ball 1-0: Ball 2-0: Called Strike 2-1: Called Strike 2-2: Strikes out swinging
|
|
Batting: SHB Raul Gonzalez
|
0-0: Called Strike 0-1: Ball 1-1: Ball 2-1: Ball 3-1: Base on Balls
|
|
Batting: SHB Rafael Villaman
|
0-0: Ball Raul Gonzalez steals 2nd, throwing error, E2 Raul Gonzalez to third 1-0: SINGLE (Groundball, 56D, EV 107.5 MPH) Raul Gonzalez scores
|
|
Batting: LHB Joe Orsulak
|
0-0: Called Strike 0-1: Foul Ball, location: 2F 0-2: Foul Ball, location: 2F 0-2: Foul Ball, location: 2F 0-2: Ball Rafael Villaman steals 2nd base 1-2: Foul Ball, location: 2F 1-2: Fly out, F8 (Flyball, 8LD, EV 86.9 MPH)
|
|
Batting: RHB Phillip Strom
|
0-0: SINGLE (Groundball, 56D, EV 110.6 MPH) Rafael Villaman to third Runner from 3rd tries for Home, SAFE, no throw by LF
|
|
Batting: RHB Glenn Carpenter
|
0-0: Ball 1-0: Ball Phillip Strom steals 2nd base 2-0: Ball 3-0: Called Strike 3-1: Foul Ball, location: 2F 3-2: Strikes out swinging, 2-3 out at first.
|
| Bottom of the 3rd over - 2 runs, 2 hits, 1 error, 1 left on base; Johnson City 6 - Bristol 3 |
| TOP OF THE 4TH |
|
Johnson City Soilders batting - Pitching for Bristol Bees : RHP Dick Lloyd
|
|
Batting: LHB Stephen DeMatties
|
0-0: Ball 1-0: Called Strike 1-1: SOLO HOME RUN (Flyball, 9D, EV 113.1 MPH), Distance : 335 ft
|
|
Batting: RHB David Sullivan
|
0-0: Called Strike 0-1: Called Strike 0-2: Ball 1-2: Ball 2-2: Ball 3-2: Ground out 5-3 (Groundball, 56S, EV 74.4 MPH)
|
|
Batting: RHB Kirk Richmond
|
0-0: Ball 1-0: Called Strike 1-1: Swinging Strike 1-2: SINGLE (Line Drive, 6M, EV 98.8 MPH)
|
|
Batting: RHB Gary Holden
|
0-0: Called Strike 0-1: Called Strike 0-2: SINGLE (Line Drive, 34D, EV 93.8 MPH) Kirk Richmond to second
|
|
Batting: RHB Mitchell Olson
|
0-0: Swinging Strike 0-1: Fly out, F7 (Flyball, 7S, EV 83.1 MPH)
|
|
Batting: RHB Tim Brown
|
0-0: Ball 1-0: Ball 2-0: Ball 3-0: Called Strike 3-1: Fly out, F3 (Line Drive, 3, EV 67.5 MPH)
|
| Top of the 4th over - 1 run, 3 hits, 0 errors, 2 left on base; Johnson City 7 - Bristol 3 |
| BOTTOM OF THE 4TH |
|
Bristol Bees batting - Pitching for Johnson City Soilders : RHP David LaBounty
|
|
Batting: RHB Rondal Rollin
|
0-0: Ball 1-0: Foul Ball, location: 2F 1-1: Ball 2-1: Ball 3-1: Called Strike 3-2: Foul Ball, location: 2F 3-2: Reached on error, E6 (Popup, 4S, EV 76.3 MPH)
|
|
Batting: LHB Brian Williams
|
0-0: Foul Ball, location: 2F 0-1: Ball 1-1: Called Strike 1-2: Strikes out swinging
|
|
Batting: RHB Steve Polan
|
0-0: Called Strike 0-1: Foul Ball, location: 2F 0-2: Ball 1-2: Ball 2-2: Ball 3-2: Foul Ball, location: 2F 3-2: SINGLE (Groundball, 6D, EV 93.8 MPH) Rondal Rollin to second
|
|
Batting: RHB Juan Burgos
|
0-0: Ball 1-0: Swinging Strike 1-1: Grounds into double play, 5-4-3 (Groundball, 5, EV 99.4 MPH)
|
| Bottom of the 4th over - 0 runs, 1 hit, 1 error, 1 left on base; Johnson City 7 - Bristol 3 |
| TOP OF THE 5TH |
|
Johnson City Soilders batting - Pitching for Bristol Bees : RHP Dick Lloyd
|
|
Batting: RHB Juan Pacho
|
0-0: Fly out, F6 (Popup, 6MS, EV 56.3 MPH)
|
|
Batting: LHB Steve Swinney
|
0-0: Called Strike 0-1: Called Strike 0-2: Ball 1-2: Ball 2-2: Ground out U3 (Groundball, 34S, EV 90.0 MPH)
|
|
Batting: RHB Thomas Mohr
|
0-0: Ball 1-0: Fly out, F8 (Flyball, 78M, EV 70.6 MPH)
|
| Top of the 5th over - 0 runs, 0 hits, 0 errors, 0 left on base; Johnson City 7 - Bristol 3 |
| BOTTOM OF THE 5TH |
|
Bristol Bees batting - Pitching for Johnson City Soilders : RHP David LaBounty
|
|
Batting: SHB Raul Gonzalez
|
0-0: Ball 1-0: Ball 2-0: Fly out, F9 (Flyball, 89D, EV 93.1 MPH)
|
|
Batting: SHB Rafael Villaman
|
0-0: Called Strike 0-1: Ground out 4-3 (Groundball, 4, EV 86.9 MPH)
|
|
Batting: LHB Joe Orsulak
|
0-0: SINGLE (Groundball, 34D, EV 108.1 MPH)
|
|
Batting: RHB Phillip Strom
|
0-0: Foul Ball, location: 2F 0-1: Foul Ball, location: 2F 0-2: Ball 1-2: Ball 2-2: SINGLE (Groundball, 56D, EV 102.5 MPH) Joe Orsulak to second
|
|
Batting: RHB Glenn Carpenter
|
0-0: Foul Ball, location: 2F 0-1: Ball 1-1: Ball 2-1: Ball 3-1: Base on Balls Joe Orsulak to third Phillip Strom to second
|
|
Batting: RHB Rondal Rollin
|
0-0: Called Strike 0-1: Ball 1-1: Ball 2-1: Called Strike 2-2: Foul Ball, location: 2F 2-2: Ball 3-2: Strikes out swinging
|
| Bottom of the 5th over - 0 runs, 2 hits, 0 errors, 3 left on base; Johnson City 7 - Bristol 3 |
| TOP OF THE 6TH |
|
Johnson City Soilders batting - Pitching for Bristol Bees : RHP Dick Lloyd
|
|
Batting: LHB Stephen DeMatties
|
0-0: Ball 1-0: Ball 2-0: Ball 3-0: Swinging Strike 3-1: Called Strike 3-2: Foul Ball, location: 2F 3-2: Foul Ball, location: 2F 3-2: Strikes out swinging
|
|
Batting: RHB David Sullivan
|
0-0: Called Strike 0-1: Ball 1-1: Ground out 4-3 (Groundball, 4D, EV 104.4 MPH)
|
|
Batting: RHB Kirk Richmond
|
0-0: Foul Ball, location: 2F 0-1: Fly out, F7 (Flyball, 7, EV 87.5 MPH)
|
| Top of the 6th over - 0 runs, 0 hits, 0 errors, 0 left on base; Johnson City 7 - Bristol 3 |
| BOTTOM OF THE 6TH |
|
Bristol Bees batting - Pitching for Johnson City Soilders : RHP David LaBounty
|
|
Batting: LHB Brian Williams
|
0-0: Ball 1-0: Called Strike 1-1: Ball 2-1: Swinging Strike 2-2: Ball 3-2: Foul Ball, location: 2F 3-2: Ground out 6-3 (Groundball, 6, EV 105.0 MPH)
|
|
Batting: RHB Steve Polan
|
0-0: Foul Ball, location: 2F 0-1: Foul Ball, location: 2F 0-2: SINGLE (Line Drive, 8LS, EV 95.0 MPH)
|
|
Batting: RHB Juan Burgos
|
0-0: Ground out 4-3 (Groundball, 4S, EV 63.1 MPH) Steve Polan to second
|
|
Batting: SHB Raul Gonzalez
|
0-0: Ball 1-0: Called Strike 1-1: Ball 2-1: Foul Ball, location: 2F 2-2: Ground out 4-3 (Groundball, 4, EV 101.3 MPH)
|
| Bottom of the 6th over - 0 runs, 1 hit, 0 errors, 1 left on base; Johnson City 7 - Bristol 3 |
| TOP OF THE 7TH |
|
Johnson City Soilders batting - Pitching for Bristol Bees : RHP Dick Lloyd
|
|
Pitching: RHP Nicholas O'Connor
|
|
|
Batting: RHB Gary Holden
|
0-0: Called Strike 0-1: Ball 1-1: Foul Ball, location: 2F 1-2: Foul Ball, location: 2F 1-2: Ball 2-2: TRIPLE (Flyball, 89XD, EV 106.9 MPH)
|
|
Batting: RHB Mitchell Olson
|
0-0: Ball 1-0: Ball 2-0: Called Strike 2-1: Ground out U3 (Groundball, 3L, EV 87.5 MPH)
|
|
Batting: RHB Tim Brown
|
0-0: Ball 1-0: Called Strike 1-1: Ball 2-1: Ball 3-1: Base on Balls
|
|
Batting: RHB Juan Pacho
|
0-0: Ball 1-0: Called Strike 1-1: Ball 2-1: Foul Ball, location: 2F 2-2: Ball 3-2: Fly out, F7 (Line Drive, 7, EV 93.1 MPH) Runner from 3rd tags up, SCORES, throw by LF
|
|
Batting: LHB Steve Swinney
|
0-0: Ball 1-0: Fly out, F7 (Flyball, 7D, EV 98.1 MPH)
|
| Top of the 7th over - 1 run, 1 hit, 0 errors, 1 left on base; Johnson City 8 - Bristol 3 |
| BOTTOM OF THE 7TH |
|
Bristol Bees batting - Pitching for Johnson City Soilders : RHP David LaBounty
|
|
Batting: SHB Rafael Villaman
|
0-0: Foul Ball, location: 2F 0-1: Swinging Strike 0-2: Fly out, F2 (Popup, 2LF, EV 90.0 MPH)
|
|
Batting: LHB Joe Orsulak
|
0-0: Called Strike 0-1: Called Strike 0-2: Ball 1-2: Ball 2-2: Ground out 1-3 (Groundball, 15S, EV 74.4 MPH)
|
|
Batting: RHB Phillip Strom
|
0-0: Ball 1-0: Fly out, F8 (Flyball, 8RS, EV 91.9 MPH)
|
| Bottom of the 7th over - 0 runs, 0 hits, 0 errors, 0 left on base; Johnson City 8 - Bristol 3 |
| TOP OF THE 8TH |
|
Johnson City Soilders batting - Pitching for Bristol Bees : RHP Nicholas O'Connor
|
|
Batting: RHB Thomas Mohr
|
0-0: Ball 1-0: Ball 2-0: Ball 3-0: Base on Balls
|
|
Batting: LHB Stephen DeMatties
|
0-0: Called Strike 0-1: Ball 1-1: Ball 2-1: DOUBLE (Line Drive, 7LM, EV 96.9 MPH) Thomas Mohr to third Runner from 3rd tries for Home, SAFE, no throw by LF
|
|
Batting: RHB David Sullivan
|
0-0: Swinging Strike 0-1: Ball 1-1: Ball 2-1: Called Strike 2-2: Ball 3-2: Base on Balls
|
|
Batting: RHB Kirk Richmond
|
0-0: Ball 1-0: Foul Ball, location: 2F 1-1: Foul Ball, location: 2F 1-2: Strikes out swinging
|
|
Batting: RHB Gary Holden
|
0-0: SINGLE (Groundball, 6M, EV 101.3 MPH) (infield hit) Stephen DeMatties to third David Sullivan to second
|
|
Batting: RHB Mitchell Olson
|
0-0: Called Strike 0-1: Fly out, F9 (Flyball, 9S, EV 83.8 MPH)
|
|
Batting: RHB Tim Brown
|
0-0: Ball 1-0: Ball 2-0: Ball 3-0: Called Strike 3-1: Fly out, F8 (Flyball, 8LS, EV 78.8 MPH)
|
| Top of the 8th over - 1 run, 2 hits, 0 errors, 3 left on base; Johnson City 9 - Bristol 3 |
| BOTTOM OF THE 8TH |
|
Bristol Bees batting - Pitching for Johnson City Soilders : RHP David LaBounty
|
|
Batting: RHB Glenn Carpenter
|
0-0: Called Strike 0-1: Swinging Strike 0-2: Foul Ball, location: 2F 0-2: Fly out, F9 (Flyball, 89D, EV 106.3 MPH)
|
|
Batting: RHB Rondal Rollin
|
0-0: Ball 1-0: Foul Ball, location: 2F 1-1: Foul Ball, location: 2F 1-2: Fly out, F9 (Flyball, 9, EV 83.1 MPH)
|
|
Batting: LHB Brian Williams
|
0-0: DOUBLE (Line Drive, 7LM, EV 108.1 MPH)
|
|
Batting: RHB Steve Polan
|
0-0: Called Strike 0-1: SINGLE (Groundball, 34D, EV 98.1 MPH) Brian Williams to third Runner from 3rd tries for Home, SAFE, no throw by RF
|
|
Batting: RHB Juan Burgos
|
0-0: Ground out 4-3 (Groundball, 4, EV 96.3 MPH)
|
| Bottom of the 8th over - 1 run, 2 hits, 0 errors, 1 left on base; Johnson City 9 - Bristol 4 |
| TOP OF THE 9TH |
|
Johnson City Soilders batting - Pitching for Bristol Bees : RHP Nicholas O'Connor
|
|
Pitching: RHP Jose Cano
|
|
|
Batting: RHB Juan Pacho
|
0-0: Called Strike 0-1: SINGLE (Flyball, 78S, EV 81.9 MPH)
|
|
Batting: LHB Steve Swinney
|
0-0: Called Strike 0-1: Ball 1-1: Foul Ball, location: 2F 1-2: Fly out, F9 (Flyball, 9D, EV 88.1 MPH)
|
|
Batting: RHB Thomas Mohr
|
0-0: Ball 1-0: Ball 2-0: Ball 3-0: Called Strike 3-1: Base on Balls Juan Pacho to second
|
|
Batting: LHB Stephen DeMatties
|
0-0: Ball 1-0: Foul Ball, location: 2F 1-1: Ball 2-1: Foul Ball, location: 2F 2-2: Ball 3-2: Foul Ball, location: 2F 3-2: Base on Balls Juan Pacho to third Thomas Mohr to second
|
|
Batting: RHB David Sullivan
|
0-0: Foul Ball, location: 2F 0-1: Called Strike 0-2: Ball 1-2: Fly out, F8 (Flyball, 8LD, EV 93.1 MPH) Runner from 3rd tags up, OUT at HOME! 8-2
|
| Top of the 9th over - 0 runs, 1 hit, 0 errors, 2 left on base; Johnson City 9 - Bristol 4 |
| BOTTOM OF THE 9TH |
|
Bristol Bees batting - Pitching for Johnson City Soilders : RHP David LaBounty
|
|
Pitching: RHP Mike Couchee
|
|
|
Batting: SHB Raul Gonzalez
|
0-0: Ball 1-0: Called Strike 1-1: Ground out 4-3 (Groundball, 4, EV 96.3 MPH)
|
|
Batting: SHB Rafael Villaman
|
0-0: Ball 1-0: Ball 2-0: Foul Ball, location: 2F 2-1: SINGLE (Flyball, 78M, EV 85.6 MPH)
|
|
Batting: LHB Joe Orsulak
|
0-0: Grounds out, U3 (Groundball, 3L, EV 103.1 MPH)
|
|
Batting: RHB Phillip Strom
|
0-0: SINGLE (Groundball, 56D, EV 101.9 MPH) Rafael Villaman to third
|
|
Batting: RHB Glenn Carpenter
|
0-0: Called Strike 0-1: Ball 1-1: Foul Ball, location: 2F 1-2: Ball 2-2: Ball 3-2: Fly out, F9 (Flyball, 89S, EV 88.8 MPH)
|
| Bottom of the 9th over - 0 runs, 2 hits, 0 errors, 2 left on base; Johnson City 9 - Bristol 4 |
|